MapleLeafs vs Stars

Created - 12 mars 2018 at 20:56

Goals
1 2 3 OT1 SO T
MapleLeafs 0 1 0 0 0 1
Stars 0 1 0 0 1 2
Shots
1 2 3 OT1 SO T
MapleLeafs 11 6 8 1 3 26
Stars 8 4 8 2 2 22

1st period

No Goal

Penalties :
Richard Panik (DAL) for High sticking (Minor) at 2:07, John Mitchell (DAL) for Kneeing (Minor) at 12:38, Jason Demers (TOR) for Hooking (Minor) at 12:38

2nd period

1. MapleLeafs , Marek Hrivik 9 (Cody Franson 15, Dmitry Kulikov 15) at 1:26
2. Stars , Jonathan Huberdeau 13 (Jeff Petry 25, Kyle Okposo 20) at 10:08

Penalties :
Jason Demers (TOR) for Roughing (Minor) at 2:13, Travis Hamonic (TOR) for Cross-checking (Minor) at 12:41, Zdeno Chara (DAL) for Hooking (Minor) at 16:42

3rd period

No Goal

Penalties :
Jason Demers (TOR) for Holding (Minor) at 7:22, Rasmus Ristolainen (DAL) for Hooking (Minor) at 13:38

Overtime #1

No Goal

Penalties :
No Penalty

Shootout

Penalty Shot by Nazem Kadri for MapleLeafs - Stopped by Jonathan Quick
Penalty Shot by Jack Eichel for Stars - Stopped by Al Montoya
Penalty Shot by Jason Chimera for MapleLeafs - Shot Misses the Net
Penalty Shot by Kyle Okposo for Stars - Goal!
Penalty Shot by Mikkel Boedker for MapleLeafs - Shot Misses the Net

Penalties :
No Penalty

Goalie Stats

Al Montoya (TOR), 21 saves from 22 shots - (0.955), OTL, 2-6-3, 65:00 minutes
Jonathan Quick (DAL), 25 saves from 26 shots - (0.962), W, 28-20-12, 65:00 minutes

Players Stats for MapleLeafs

Player Name              G  A  P  +/- PIM S  H  SB GA TA FO     MP     PP MP  PK MP  
------------------------------------------------------------------------------------
Adam Erne                0  0  0   0  0   0  0  0  0  0  1/3     6:41   0:34   2:32 
Beau Bennett             0  0  0  -1  0   3  0  0  0  0  0/0    17:40   2:23   0:03 
Cody Franson             0  1  1   0  0   0  1  0  0  0  0/0    17:35   0:17   3:21 
Curtis Lazar             0  0  0   0  0   0  0  0  0  0  0/1     7:16   0:00   0:00 
Dmitry Kulikov           0  1  1   0  0   2  1  3  0  0  0/0    20:36   1:36   0:37 
Freddie Hamilton         0  0  0   0  0   0  0  0  0  0  3/6     7:30   0:00   0:14 
Frederick Gaudreau       0  0  0   0  0   0  0  0  0  0  0/0    15:29   3:34   0:00 
Ivan Barbashev           0  0  0  -1  0   2  1  0  0  0  13/23  20:31   2:23   1:16 
Jason Chimera            0  0  0   0  0   0  0  0  0  0  0/1    19:50   3:34   1:48 
Jason Demers             0  0  0   0  6   2  2  2  0  0  0/0    22:01   3:54   0:50 
Karl Alzner              0  0  0   0  0   2  2  2  0  0  0/0    24:34   3:11   2:48 
Marek Hrivik             1  0  1   1  0   3  1  0  0  0  0/0    12:40   0:00   0:00 
Mikkel Boedker           0  0  0  -1  0   3  2  0  0  0  1/2    20:30   2:23   1:16 
Nazem Kadri              0  0  0   0  0   2  0  0  0  0  13/22  25:39   3:00   2:29 
Peter Holland            0  0  0   1  0   4  0  0  0  0  4/10   14:30   0:00   0:00 
Tanner Glass             0  0  0   1  0   2  3  0  0  0  0/3    16:06   0:00   2:19 
Travis Hamonic           0  0  0   0  2   1  0  1  0  0  0/0    14:18   0:53   0:48 
Zach Bogosian            0  0  0   0  0   0  1  2  0  0  0/0    23:34   2:03   3:27 

Players Stats for Stars

Player Name              G  A  P  +/- PIM S  H  SB GA TA FO     MP     PP MP  PK MP  
------------------------------------------------------------------------------------
Brandon Manning          0  0  0   0  0   0  0  1  0  0  0/0    14:00   0:00   0:56 
Devin Shore              0  0  0  -1  0   2  0  0  0  0  9/14   12:24   0:00   0:27 
Duncan Keith             0  0  0   0  0   2  0  3  0  0  0/0    28:30   3:13   2:36 
Jack Eichel              0  0  0   1  0   2  2  0  0  0  9/19   22:47   3:54   0:18 
Jakub Voracek            0  0  0   0  0   1  2  0  0  0  0/0    17:17   2:03   0:00 
Jeff Petry               0  1  1   0  0   0  0  0  0  0  0/0    16:27   0:18   3:05 
John Klingberg           0  0  0   0  0   3  0  1  0  0  0/0    20:47   2:55   0:54 
John Mitchell            0  0  0   0  2   0  3  0  0  0  5/12    9:17   0:00   1:54 
Jonathan Huberdeau       1  0  1   1  0   3  1  0  0  0  0/1    21:16   3:54   1:13 
Jonny Brodzinski         0  0  0   0  0   0  0  0  0  0  0/0     7:24   0:00   0:00 
Kyle Okposo              0  1  1   1  0   0  1  0  0  0  2/2    21:10   3:54   0:00 
Michael Bournival        0  0  0   0  0   0  1  0  0  0  0/0     7:24   0:00   0:00 
Paul Byron               0  0  0   0  0   4  1  0  0  0  0/0    16:53   2:03   2:50 
Rasmus Ristolainen       0  0  0   0  2   0  0  1  0  0  0/0    21:00   2:44   2:18 
Richard Panik            0  0  0  -1  2   2  1  0  0  0  0/0    11:56   0:00   0:00 
Ryan Nugent-Hopkins      0  0  0   0  0   0  0  0  0  0  11/23  20:23   2:03   3:18 
Tommy Wingels            0  0  0  -1  0   2  1  1  0  0  0/0    13:51   0:00   1:54 
Zdeno Chara              0  0  0   0  2   1  2  1  0  0  0/0    24:14   2:44   2:05 

3 Stars

1 - Jonathan Quick (DAL)
2 - Jonathan Huberdeau (DAL)
3 - Marek Hrivik (TOR)

Power Play

MapleLeafs - 0 on 3 Attempt(s) - 0.00%
Stars - 0 on 3 Attempt(s) - 0.00%

Penalty Kill

MapleLeafs - 3 on 3 Attempt(s) - 100.00% - Score 0 goal in Penalty Kill
Stars - 3 on 3 Attempt(s) - 100.00% - Score 0 goal in Penalty Kill

Team Stat

MapleLeafs - Hits : 14 - Faceoff Wins : 35 - Blocked Shots : 10 - Penalty Minutes : 8
Stars - Hits : 15 - Faceoff Wins : 36 - Blocked Shots : 8 - Penalty Minutes : 8

Official

Referees : Jon Mclsaac and Dave Lewis
Linesman : Derek Amell and Darren Gibbs

Game Notes

Travis Hamonic is injured at 19:50 of 2nd period (Sprained Right Ankle)

Finance

Level 1 -- Attendance: 3022 (50.37%) -- Ticket Income 559 070 $
Level 2 -- Attendance: 2709 (54.18%) -- Ticket Income 352 170 $
Level 3 -- Attendance: 1552 (77.60%) -- Ticket Income 162 960 $
Level 4 -- Attendance: 1139 (25.13%) -- Ticket Income 85 425 $
Luxury Box -- Attendance: 531 (53.10%) -- Ticket Income 191 160 $
Game was played at the American Airlines Center.
Total Attendance: 8953 (48.31%)
Total Ticket Income: 1 350 785 $
Other Income: 202 618 $
Total Income: 1 553 403 $

% Time on Ice - MapleLeafs

Lines # - Real PCT - Wanted PCT - Time Play
Normal Forward
1 - 24% - 40% - 11:12
2 - 32% - 30% - 14:59
3 - 27% - 20% - 12:40
4 - 16% - 10% - 7:16
Normal Defense
1 - 31% - 40% - 14:22
2 - 45% - 30% - 20:40
3 - 24% - 20% - 10:55
4 - 0% - 10% - 0:10
PP Forward
1 - 60% - 60% - 3:34
2 - 40% - 40% - 2:23
PP Defense
1 - 59% - 60% - 3:31
2 - 41% - 40% - 2:26
PK Forward
1 - 79% - 60% - 4:41
2 - 21% - 40% - 1:16
PK Defense
1 - 53% - 60% - 3:09
2 - 47% - 40% - 2:48
PK3 Forward
1 - 0% - 60%
2 - 0% - 40%
PK3 Defense
1 - 0% - 60%
2 - 0% - 40%
44 Forward
1 - 79% - 60% - 1:34
2 - 21% - 40% - 0:25
44 Defense
1 - 57% - 60% - 1:08
2 - 43% - 40% - 0:51
Last Minute Offensive  - 0:00
Last Minute Defensive  - 0:00
Total
Forward - 60:00
Defense - 60:00

% Time on Ice - Stars

Lines # - Real PCT - Wanted PCT - Time Play
Normal Forward
1 - 32% - 40% - 14:51
2 - 26% - 30% - 11:55
3 - 26% - 20% - 11:57
4 - 16% - 10% - 7:24
Normal Defense
1 - 36% - 40% - 16:47
2 - 30% - 30% - 13:48
3 - 28% - 20% - 13:04
4 - 5% - 10% - 2:28
PP Forward
1 - 66% - 60% - 3:54
2 - 34% - 40% - 2:03
PP Defense
1 - 54% - 60% - 3:13
2 - 46% - 40% - 2:44
PK Forward
1 - 68% - 60% - 4:03
2 - 32% - 40% - 1:54
PK Defense
1 - 59% - 60% - 3:30
2 - 41% - 40% - 2:27
PK3 Forward
1 - 0% - 60%
2 - 0% - 40%
PK3 Defense
1 - 0% - 60%
2 - 0% - 40%
44 Forward
1 - 65% - 60% - 1:17
2 - 35% - 40% - 0:42
44 Defense
1 - 65% - 60% - 1:17
2 - 35% - 40% - 0:42
Last Minute Offensive  - 0:00
Last Minute Defensive  - 0:00
Total
Forward - 60:00
Defense - 60:00

Play by Play

1st period


0:01 of 1st period - Nazem Kadri wins face-off versus Jack Eichel in neutral zone.
1:06 of 1st period - Shot by Ivan Barbashev.
1:06 of 1st period - Deflect By Mikkel Boedker.
1:06 of 1st period - Stopped by Jonathan Quick without a rebound.
1:07 of 1st period - Peter Holland wins face-off versus Ryan Nugent-Hopkins in Stars zone.
1:30 of 1st period - Jakub Voracek is hit by Tanner Glass and loses puck.
2:07 of 1st period - Minor Penalty to Richard Panik for High sticking.
2:08 of 1st period - Ryan Nugent-Hopkins wins face-off versus Nazem Kadri in Stars zone.
2:59 of 1st period - Shot by Ivan Barbashev.
2:59 of 1st period - Stopped by Jonathan Quick with a rebound.
3:01 of 1st period - Shot by Travis Hamonic.
3:01 of 1st period - Stopped by Jonathan Quick without a rebound.
3:02 of 1st period - Ivan Barbashev wins face-off versus John Mitchell in Stars zone.
3:44 of 1st period - Jason Demers is hit by Tommy Wingels and loses puck.
3:59 of 1st period - Shot by Frederick Gaudreau.
3:59 of 1st period - Shot Misses the Net.
4:15 of 1st period - Shot by Marek Hrivik.
4:15 of 1st period - Shot Misses the Net.
4:21 of 1st period - Shot by Peter Holland.
4:21 of 1st period - Stopped by Jonathan Quick without a rebound.
4:22 of 1st period - Freddie Hamilton wins face-off versus Jack Eichel in Stars zone.
4:50 of 1st period - Icing by Travis Hamonic.
4:51 of 1st period - Devin Shore wins face-off versus Curtis Lazar in MapleLeafs zone.
4:51 of 1st period - Devin Shore is hit by Zach Bogosian.
5:05 of 1st period - Shot by Richard Panik.
5:05 of 1st period - Stopped by Al Montoya without a rebound.
5:06 of 1st period - Ivan Barbashev wins face-off versus Ryan Nugent-Hopkins in MapleLeafs zone.
5:31 of 1st period - Off-side.
5:32 of 1st period - Peter Holland wins face-off versus Devin Shore in neutral zone.
5:38 of 1st period - Shot by Peter Holland.
5:38 of 1st period - Stopped by Jonathan Quick without a rebound.
5:39 of 1st period - Peter Holland wins face-off versus John Mitchell in Stars zone.
5:42 of 1st period - Shot by Marek Hrivik.
5:42 of 1st period - Stopped by Jonathan Quick without a rebound.
5:43 of 1st period - Devin Shore wins face-off versus Ivan Barbashev in Stars zone.
6:06 of 1st period - Icing by Richard Panik.
6:07 of 1st period - Devin Shore wins face-off versus Nazem Kadri in Stars zone.
6:44 of 1st period - Jason Chimera is hit by Kyle Okposo and loses puck.
7:13 of 1st period - Shot by John Klingberg.
7:13 of 1st period - Stopped by Al Montoya with a rebound.
7:28 of 1st period - Icing by Travis Hamonic.
7:29 of 1st period - Nazem Kadri wins face-off versus Ryan Nugent-Hopkins in MapleLeafs zone.
8:50 of 1st period - John Mitchell is hit by Dmitry Kulikov.
9:43 of 1st period - Shot by Jack Eichel.
9:43 of 1st period - Deflect By Jonathan Huberdeau.
9:43 of 1st period - Shot Blocked by Jason Demers.
9:45 of 1st period - Shot by Rasmus Ristolainen.
9:45 of 1st period - Shot Misses the Net.
9:47 of 1st period - Shot by Jack Eichel.
9:47 of 1st period - Stopped by Al Montoya without a rebound.
9:48 of 1st period - Devin Shore wins face-off versus Ivan Barbashev in MapleLeafs zone.
10:27 of 1st period - Icing by Jeff Petry.
10:28 of 1st period - Devin Shore wins face-off versus Freddie Hamilton in Stars zone.
12:24 of 1st period - Icing by Zdeno Chara.
12:25 of 1st period - Ivan Barbashev wins face-off versus Ryan Nugent-Hopkins in Stars zone.
12:28 of 1st period - Shot by Ivan Barbashev.
12:28 of 1st period - Stopped by Jonathan Quick without a rebound.
12:29 of 1st period - Ivan Barbashev wins face-off versus John Mitchell in Stars zone.
12:30 of 1st period - Shot by Beau Bennett.
12:30 of 1st period - Stopped by Jonathan Quick without a rebound.
12:31 of 1st period - John Mitchell wins face-off versus Ivan Barbashev in Stars zone.
12:31 of 1st period - John Mitchell is hit by Mikkel Boedker.
12:38 of 1st period - Minor Penalty to John Mitchell for Kneeing.
12:38 of 1st period - Minor Penalty to Jason Demers for Hooking.
12:39 of 1st period - Nazem Kadri wins face-off versus Jack Eichel in MapleLeafs zone.
12:39 of 1st period - Nazem Kadri is hit by Jack Eichel.
13:01 of 1st period - Shot by Nazem Kadri.
13:01 of 1st period - Shot Blocked by Duncan Keith.
13:54 of 1st period - Off-side.
13:55 of 1st period - Jack Eichel wins face-off versus Adam Erne in neutral zone.
14:14 of 1st period - Shot by Adam Erne.
14:14 of 1st period - Shot Misses the Net.
14:33 of 1st period - Icing by Dmitry Kulikov.
14:34 of 1st period - Ryan Nugent-Hopkins wins face-off versus Adam Erne in MapleLeafs zone.
14:39 of 1st period - Shot by Kyle Okposo.
14:39 of 1st period - Deflect By Richard Panik.
14:39 of 1st period - Shot Misses the Net.
14:47 of 1st period - Tommy Wingels is hit by Mikkel Boedker and loses puck.
15:04 of 1st period - Shot by Richard Panik.
15:04 of 1st period - Stopped by Al Montoya without a rebound.
15:05 of 1st period - Nazem Kadri wins face-off versus John Mitchell in MapleLeafs zone.
15:05 of 1st period - Nazem Kadri is hit by John Mitchell.
15:35 of 1st period - Jonny Brodzinski is hit by Jason Demers and loses puck.
15:49 of 1st period - Icing by Michael Bournival.
15:50 of 1st period - Ivan Barbashev wins face-off versus John Mitchell in Stars zone.
16:17 of 1st period - Shot by Ivan Barbashev.
16:17 of 1st period - Deflect By Mikkel Boedker.
16:17 of 1st period - Shot Misses the Net.
16:24 of 1st period - Icing by Rasmus Ristolainen.
16:25 of 1st period - Peter Holland wins face-off versus Ryan Nugent-Hopkins in Stars zone.
16:28 of 1st period - Shot by Tanner Glass.
16:28 of 1st period - Stopped by Jonathan Quick without a rebound.
16:29 of 1st period - Jack Eichel wins face-off versus Peter Holland in Stars zone.
17:24 of 1st period - Shot by Jakub Voracek.
17:24 of 1st period - Shot Misses the Net.
17:26 of 1st period - Shot by Jakub Voracek.
17:26 of 1st period - Stopped by Al Montoya with a rebound.
17:32 of 1st period - Shot by Paul Byron.
17:32 of 1st period - Stopped by Al Montoya without a rebound.
17:33 of 1st period - Ivan Barbashev wins face-off versus Devin Shore in MapleLeafs zone.
17:59 of 1st period - Rasmus Ristolainen is hit by Ivan Barbashev and loses puck.
18:06 of 1st period - Beau Bennett is hit by Richard Panik.
18:39 of 1st period - Shot by Paul Byron.
18:39 of 1st period - Stopped by Al Montoya without a rebound.
18:40 of 1st period - Nazem Kadri wins face-off versus Jack Eichel in MapleLeafs zone.
18:54 of 1st period - Jason Chimera is hit by Jonathan Huberdeau and loses puck.
19:09 of 1st period - Shot by Kyle Okposo.
19:09 of 1st period - Deflect By Jonathan Huberdeau.
19:09 of 1st period - Stopped by Al Montoya with a rebound.
19:47 of 1st period - Shot by Marek Hrivik.
19:47 of 1st period - Stopped by Jonathan Quick with a rebound.
19:49 of 1st period - Shot by Dmitry Kulikov.
19:49 of 1st period - Stopped by Jonathan Quick with a rebound.
Goals for this period are 0 for MapleLeafs vs 0 for Stars.
Shots for this period are 11 for MapleLeafs vs 8 for Stars.

2nd period


0:01 of 2nd period - Nazem Kadri wins face-off versus Jack Eichel in neutral zone.
1:02 of 2nd period - Off-side.
1:03 of 2nd period - Devin Shore wins face-off versus Peter Holland in neutral zone.
1:18 of 2nd period - Shot by Marek Hrivik.
1:18 of 2nd period - Shot Misses the Net.
1:20 of 2nd period - Shot by Peter Holland.
1:20 of 2nd period - Stopped by Jonathan Quick with a rebound.
1:26 of 2nd period - Shot by Marek Hrivik.
1:26 of 2nd period - Goal by Marek Hrivik - MapleLeafs : 1 - Stars : 0.
1:27 of 2nd period - Ryan Nugent-Hopkins wins face-off versus Freddie Hamilton in neutral zone.
1:34 of 2nd period - Shot by Paul Byron.
1:34 of 2nd period - Shot Blocked by Zach Bogosian.
1:56 of 2nd period - Shot by Nazem Kadri.
1:56 of 2nd period - Shot Misses the Net.
2:13 of 2nd period - Minor Penalty to Jason Demers for Roughing.
2:14 of 2nd period - Nazem Kadri wins face-off versus Jack Eichel in MapleLeafs zone.
3:40 of 2nd period - Shot by Kyle Okposo.
3:40 of 2nd period - Deflect By Jonathan Huberdeau.
3:40 of 2nd period - Shot Misses the Net.
3:42 of 2nd period - Shot by Duncan Keith.
3:42 of 2nd period - Shot Misses the Net.
3:44 of 2nd period - Shot by Duncan Keith.
3:44 of 2nd period - Stopped by Al Montoya without a rebound.
3:45 of 2nd period - Jack Eichel wins face-off versus Tanner Glass in MapleLeafs zone.
4:55 of 2nd period - Icing by Dmitry Kulikov.
4:56 of 2nd period - Ivan Barbashev wins face-off versus John Mitchell in MapleLeafs zone.
5:17 of 2nd period - Shot by Peter Holland.
5:17 of 2nd period - Stopped by Jonathan Quick with a rebound.
5:42 of 2nd period - Icing by Travis Hamonic.
5:43 of 2nd period - Ryan Nugent-Hopkins wins face-off versus Peter Holland in MapleLeafs zone.
5:46 of 2nd period - Shot by Paul Byron.
5:46 of 2nd period - Shot Misses the Net.
5:52 of 2nd period - Shot by Ryan Nugent-Hopkins.
5:52 of 2nd period - Shot Misses the Net.
8:40 of 2nd period - Curtis Lazar is hit by John Mitchell and loses puck.
9:26 of 2nd period - Shot by Mikkel Boedker.
9:26 of 2nd period - Shot Blocked by Duncan Keith.
9:37 of 2nd period - Dmitry Kulikov is hit by Michael Bournival and loses puck.
9:45 of 2nd period - Icing by Beau Bennett.
9:46 of 2nd period - Ivan Barbashev wins face-off versus Jack Eichel in MapleLeafs zone.
10:08 of 2nd period - Shot by Jonathan Huberdeau.
10:08 of 2nd period - Goal by Jonathan Huberdeau - MapleLeafs : 1 - Stars : 1.
10:09 of 2nd period - Ryan Nugent-Hopkins wins face-off versus Nazem Kadri in neutral zone.
10:18 of 2nd period - Zach Bogosian is hit by Jakub Voracek.
11:06 of 2nd period - Shot by Marek Hrivik.
11:06 of 2nd period - Shot Blocked by Rasmus Ristolainen.
12:11 of 2nd period - Off-side.
12:12 of 2nd period - Devin Shore wins face-off versus Peter Holland in neutral zone.
12:21 of 2nd period - Shot by Devin Shore.
12:21 of 2nd period - Stopped by Al Montoya without a rebound.
12:22 of 2nd period - John Mitchell wins face-off versus Ivan Barbashev in MapleLeafs zone.
12:26 of 2nd period - Icing by Zach Bogosian.
12:27 of 2nd period - Ivan Barbashev wins face-off versus Devin Shore in MapleLeafs zone.
12:41 of 2nd period - Shot by Zdeno Chara.
12:41 of 2nd period - Stopped by Al Montoya without a rebound.
12:41 of 2nd period - Minor Penalty to Travis Hamonic for Cross-checking.
12:42 of 2nd period - Nazem Kadri wins face-off versus Jack Eichel in MapleLeafs zone.
15:39 of 2nd period - Shot by Mikkel Boedker.
15:39 of 2nd period - Shot Blocked by Brandon Manning.
15:41 of 2nd period - Shot by Mikkel Boedker.
15:41 of 2nd period - Shot Misses the Net.
16:16 of 2nd period - Curtis Lazar is hit by Zdeno Chara and loses puck.
16:42 of 2nd period - Minor Penalty to Zdeno Chara for Hooking.
16:43 of 2nd period - Adam Erne wins face-off versus Ryan Nugent-Hopkins in Stars zone.
17:40 of 2nd period - Shot by Mikkel Boedker.
17:40 of 2nd period - Shot Blocked by John Klingberg.
17:42 of 2nd period - Shot by Dmitry Kulikov.
17:42 of 2nd period - Stopped by Jonathan Quick with a rebound.
17:44 of 2nd period - Shot by Zach Bogosian.
17:44 of 2nd period - Shot Misses the Net.
17:46 of 2nd period - Shot by Mikkel Boedker.
17:46 of 2nd period - Stopped by Jonathan Quick without a rebound.
17:47 of 2nd period - Nazem Kadri wins face-off versus Ryan Nugent-Hopkins in Stars zone.
17:52 of 2nd period - Shot by Jason Demers.
17:52 of 2nd period - Shot Blocked by Duncan Keith.
17:54 of 2nd period - Shot by Jason Demers.
17:54 of 2nd period - Stopped by Jonathan Quick without a rebound.
17:55 of 2nd period - Ryan Nugent-Hopkins wins face-off versus Nazem Kadri in Stars zone.
18:08 of 2nd period - Shot by Nazem Kadri.
18:08 of 2nd period - Shot Misses the Net.
19:18 of 2nd period - Icing by Zdeno Chara.
19:19 of 2nd period - John Mitchell wins face-off versus Ivan Barbashev in Stars zone.
19:40 of 2nd period - Shot by Kyle Okposo.
19:40 of 2nd period - Shot Misses the Net.
19:50 of 2nd period - Shot by Jonathan Huberdeau.
19:50 of 2nd period - Shot Blocked by Travis Hamonic.
19:50 of 2nd period - Travis Hamonic from MapleLeafs is injured at 19:50 of 2nd period (Sprained Right Ankle).
19:51 of 2nd period - Ryan Nugent-Hopkins wins face-off versus Freddie Hamilton in MapleLeafs zone.
Goals for this period are 1 for MapleLeafs vs 1 for Stars.
Shots for this period are 6 for MapleLeafs vs 4 for Stars.

3rd period


0:01 of 3rd period - Nazem Kadri wins face-off versus Jack Eichel in neutral zone.
0:34 of 3rd period - Shot by Nazem Kadri.
0:34 of 3rd period - Stopped by Jonathan Quick without a rebound.
0:35 of 3rd period - Ivan Barbashev wins face-off versus Ryan Nugent-Hopkins in Stars zone.
0:58 of 3rd period - Icing by Dmitry Kulikov.
0:59 of 3rd period - Devin Shore wins face-off versus Ivan Barbashev in MapleLeafs zone.
1:04 of 3rd period - Shot by Richard Panik.
1:04 of 3rd period - Shot Misses the Net.
1:29 of 3rd period - Shot by Tommy Wingels.
1:29 of 3rd period - Stopped by Al Montoya with a rebound.
1:48 of 3rd period - Icing by Cody Franson.
1:49 of 3rd period - Kyle Okposo wins face-off versus Ivan Barbashev in MapleLeafs zone.
1:54 of 3rd period - Shot by Jack Eichel.
1:54 of 3rd period - Shot Misses the Net.
2:18 of 3rd period - Icing by Kyle Okposo.
2:19 of 3rd period - Jack Eichel wins face-off versus Peter Holland in Stars zone.
2:31 of 3rd period - Jack Eichel is hit by Jason Demers and loses puck.
3:13 of 3rd period - Off-side.
3:14 of 3rd period - Nazem Kadri wins face-off versus Devin Shore in neutral zone.
3:19 of 3rd period - Shot by Dmitry Kulikov.
3:19 of 3rd period - Shot Misses the Net.
3:21 of 3rd period - Shot by Nazem Kadri.
3:21 of 3rd period - Stopped by Jonathan Quick without a rebound.
3:22 of 3rd period - Nazem Kadri wins face-off versus Ryan Nugent-Hopkins in Stars zone.
4:41 of 3rd period - Shot by Richard Panik.
4:41 of 3rd period - Shot Blocked by Dmitry Kulikov.
4:53 of 3rd period - Shot by Mikkel Boedker.
4:53 of 3rd period - Shot Misses the Net.
4:57 of 3rd period - Shot by Mikkel Boedker.
4:57 of 3rd period - Stopped by Jonathan Quick without a rebound.
4:58 of 3rd period - Jack Eichel wins face-off versus Peter Holland in Stars zone.
5:00 of 3rd period - Icing by Jonathan Huberdeau.
5:01 of 3rd period - Jack Eichel wins face-off versus Tanner Glass in Stars zone.
5:16 of 3rd period - Kyle Okposo is hit by Tanner Glass and loses puck.
5:28 of 3rd period - Off-side.
5:29 of 3rd period - Ivan Barbashev wins face-off versus Ryan Nugent-Hopkins in neutral zone.
5:37 of 3rd period - Icing by Zdeno Chara.
5:38 of 3rd period - Nazem Kadri wins face-off versus Ryan Nugent-Hopkins in Stars zone.
6:34 of 3rd period - Shot by Jonathan Huberdeau.
6:34 of 3rd period - Shot Misses the Net.
6:36 of 3rd period - Shot by Kyle Okposo.
6:36 of 3rd period - Shot Blocked by Dmitry Kulikov.
6:38 of 3rd period - Shot by John Klingberg.
6:38 of 3rd period - Stopped by Al Montoya with a rebound.
6:52 of 3rd period - Shot by Jack Eichel.
6:52 of 3rd period - Stopped by Al Montoya without a rebound.
6:53 of 3rd period - Devin Shore wins face-off versus Ivan Barbashev in MapleLeafs zone.
6:53 of 3rd period - Tommy Wingels is hit by Karl Alzner and loses puck.
7:22 of 3rd period - Minor Penalty to Jason Demers for Holding.
7:23 of 3rd period - Jack Eichel wins face-off versus Mikkel Boedker in MapleLeafs zone.
7:30 of 3rd period - Shot by Duncan Keith.
7:30 of 3rd period - Shot Misses the Net.
7:32 of 3rd period - Shot by John Klingberg.
7:32 of 3rd period - Stopped by Al Montoya without a rebound.
7:33 of 3rd period - Jack Eichel wins face-off versus Tanner Glass in MapleLeafs zone.
8:11 of 3rd period - Jack Eichel is hit by Cody Franson and loses puck.
8:40 of 3rd period - Shot by Rasmus Ristolainen.
8:40 of 3rd period - Shot Blocked by Zach Bogosian.
9:19 of 3rd period - Icing by Kyle Okposo.
9:20 of 3rd period - Mikkel Boedker wins face-off versus Jack Eichel in Stars zone.
9:46 of 3rd period - Richard Panik is hit by Karl Alzner and loses puck.
9:49 of 3rd period - Shot by Devin Shore.
9:49 of 3rd period - Stopped by Al Montoya with a rebound.
9:51 of 3rd period - Shot by Richard Panik.
9:51 of 3rd period - Deflect By Tommy Wingels.
9:51 of 3rd period - Stopped by Al Montoya without a rebound.
9:52 of 3rd period - Freddie Hamilton wins face-off versus John Mitchell in MapleLeafs zone.
9:52 of 3rd period - Freddie Hamilton is hit by John Mitchell.
12:32 of 3rd period - Peter Holland is hit by Jakub Voracek and loses puck.
12:50 of 3rd period - Jakub Voracek is hit by Tanner Glass and loses puck.
13:05 of 3rd period - Shot by Jason Demers.
13:05 of 3rd period - Stopped by Jonathan Quick without a rebound.
13:06 of 3rd period - Freddie Hamilton wins face-off versus Devin Shore in Stars zone.
13:38 of 3rd period - Minor Penalty to Rasmus Ristolainen for Hooking.
13:39 of 3rd period - Ryan Nugent-Hopkins wins face-off versus Ivan Barbashev in Stars zone.
13:58 of 3rd period - Shot by Beau Bennett.
13:58 of 3rd period - Stopped by Jonathan Quick without a rebound.
13:59 of 3rd period - Ryan Nugent-Hopkins wins face-off versus Nazem Kadri in Stars zone.
14:07 of 3rd period - Icing by Dmitry Kulikov.
14:08 of 3rd period - Ryan Nugent-Hopkins wins face-off versus Nazem Kadri in MapleLeafs zone.
14:21 of 3rd period - Shot by Paul Byron.
14:21 of 3rd period - Stopped by Al Montoya without a rebound.
14:22 of 3rd period - Ivan Barbashev wins face-off versus Ryan Nugent-Hopkins in MapleLeafs zone.
14:22 of 3rd period - Ivan Barbashev is hit by Paul Byron.
14:38 of 3rd period - Shot by Beau Bennett.
14:38 of 3rd period - Stopped by Jonathan Quick without a rebound.
14:39 of 3rd period - John Mitchell wins face-off versus Nazem Kadri in Stars zone.
14:50 of 3rd period - Shot by Karl Alzner.
14:50 of 3rd period - Stopped by Jonathan Quick with a rebound.
14:52 of 3rd period - Shot by Jason Chimera.
14:52 of 3rd period - Shot Blocked by Tommy Wingels.
14:54 of 3rd period - Shot by Karl Alzner.
14:54 of 3rd period - Stopped by Jonathan Quick with a rebound.
16:16 of 3rd period - Karl Alzner is hit by Jack Eichel and loses puck.
16:48 of 3rd period - Shot by Jakub Voracek.
16:48 of 3rd period - Deflect By Ryan Nugent-Hopkins.
16:48 of 3rd period - Shot Blocked by Karl Alzner.
16:50 of 3rd period - Shot by Paul Byron.
16:50 of 3rd period - Stopped by Al Montoya without a rebound.
16:51 of 3rd period - John Mitchell wins face-off versus Ivan Barbashev in MapleLeafs zone.
16:59 of 3rd period - Beau Bennett is hit by Zdeno Chara.
17:39 of 3rd period - Rasmus Ristolainen is hit by Marek Hrivik and loses puck.
18:04 of 3rd period - Shot by Ryan Nugent-Hopkins.
18:04 of 3rd period - Shot Blocked by Dmitry Kulikov.
18:06 of 3rd period - Shot by Paul Byron.
18:06 of 3rd period - Shot Hit the Post.
19:31 of 3rd period - Shot by Mikkel Boedker.
19:31 of 3rd period - Shot Misses the Net.
19:53 of 3rd period - Shot by Mikkel Boedker.
19:53 of 3rd period - Shot Misses the Net.
Goals for this period are 0 for MapleLeafs vs 0 for Stars.
Shots for this period are 8 for MapleLeafs vs 8 for Stars.

Overtime #1


0:01 of 1st overtime period - Ryan Nugent-Hopkins wins face-off versus Nazem Kadri in neutral zone.
1:00 of 1st overtime period - Shot by Jakub Voracek.
1:00 of 1st overtime period - Shot Misses the Net.
1:07 of 1st overtime period - Off-side.
1:08 of 1st overtime period - Ivan Barbashev wins face-off versus Jonathan Huberdeau in neutral zone.
1:11 of 1st overtime period - Shot by Mikkel Boedker.
1:11 of 1st overtime period - Shot Misses the Net.
1:19 of 1st overtime period - Shot by Ivan Barbashev.
1:19 of 1st overtime period - Shot Misses the Net.
2:32 of 1st overtime period - Shot by Tanner Glass.
2:32 of 1st overtime period - Stopped by Jonathan Quick without a rebound.
2:33 of 1st overtime period - Kyle Okposo wins face-off versus Nazem Kadri in Stars zone.
2:48 of 1st overtime period - Shot by Jonathan Huberdeau.
2:48 of 1st overtime period - Stopped by Al Montoya with a rebound.
2:58 of 1st overtime period - Shot by Kyle Okposo.
2:58 of 1st overtime period - Shot Blocked by Karl Alzner.
3:00 of 1st overtime period - Shot by Duncan Keith.
3:00 of 1st overtime period - Stopped by Al Montoya without a rebound.
3:01 of 1st overtime period - Jack Eichel wins face-off versus Jason Chimera in MapleLeafs zone.
3:02 of 1st overtime period - Shot by Zdeno Chara.
3:02 of 1st overtime period - Shot Blocked by Jason Demers.
3:40 of 1st overtime period - Shot by Ivan Barbashev.
3:40 of 1st overtime period - Shot Blocked by Zdeno Chara.
4:38 of 1st overtime period - Shot by Nazem Kadri.
4:38 of 1st overtime period - Shot Hit the Post.
Goals for this period are 0 for MapleLeafs vs 0 for Stars.
Shots for this period are 1 for MapleLeafs vs 2 for Stars.

ShootOut


5:00 of 1st overtime period - Penalty Shot by Nazem Kadri for MapleLeafs.
5:00 of 1st overtime period - Stopped by Jonathan Quick.
5:00 of 1st overtime period - Penalty Shot by Jack Eichel for Stars.
5:00 of 1st overtime period - Stopped by Al Montoya.
5:00 of 1st overtime period - Penalty Shot by Jason Chimera for MapleLeafs.
5:00 of 1st overtime period - Shot Misses the Net.
5:00 of 1st overtime period - Penalty Shot by Kyle Okposo for Stars.
5:00 of 1st overtime period - Goal by Kyle Okposo.
5:00 of 1st overtime period - Penalty Shot by Mikkel Boedker for MapleLeafs.
5:00 of 1st overtime period - Shot Misses the Net.